AoeStats
← DrHaz3lnut

Arabia

508512043Analyzed
2v2 RM · 8d ago on Sep 22, 2026· 43m 44s· 4 players
Game mode
Random Map
Map size
Medium (4 player)
Population
200
Speed
Normal
Resources
Standard
Victory
Conquest
Starting age
Dark Age
Ending age
Imperial Age
RankedLock teamsTeams togetherTeam positionsShared explorationLock speedFull tech treeHidden civsTurbo modeCheats
Victory
Defeat
🇩🇪 Goths · Germany
782
+14
🇩🇪 Britons · Germany
782
+14
🇬🇧 Bohemians · United Kingdom
753
-14
🇬🇧 Bohemians · United Kingdom
741
-14
sparker_steve
11:50 Feudal Age
16:58 Castle Age
20:19 Wheelbarrow
21:46 Double-Bit Axe
24:01 Fletching
25:23 Hand Cart
robjoepeters
11:30 Feudal Age
15:33 Castle Age
16:48 Double-Bit Axe
17:14 Horse Collar
20:13 Fletching
22:40 Heavy Plow
22:53 Bow Saw
28:52 Pikeman
DrHaz3lnut
4:59 Loom
11:28 Feudal Age
19:24 Castle Age
18:31 Man-at-Arms
21:54 Scale Barding Armor
22:35 Gold Mining
R3genwurm
3:17 Loom
10:32 Feudal Age
10:54 Horse Collar
12:07 Man-at-Arms
18:51 Castle Age
18:34 Stone Mining
20:44 Heavy Plow
21:53 Long Swordsman
22:46 Forging
22:37 Scale Mail Armor
25:20 Double-Bit Axe
25:46 Husbandry
26:33 Scale Barding Armor
29:21 Chain Barding Armor
30:39 Iron Casting
32:32 Gold Mining
33:43 Bow Saw
34:52 Stone Shaft Mining
Connection lost

Rejoining the realm…

Still unreachable

The connection could not be restored.

Session expired

The server has moved on; the page needs a fresh start.